[ AOE2 MATCH · #465910069 ]
UnrankedEthiopians vs Slavs
Player's team · LOSS
[ REPLAY ANALYSIS · EXTRACTED FROM THE RECORDED GAME ]
Feudal
9:49
Castle
16:26
Imperial
32:06
| APM avg | 17.8 |
| APM peak | 31 |
| eAPM avg | 13.0 |
| Villagers / military | 192 / 463 |
Focus
⚔️ 25.4% · 🌾 74.6%
Spearman ×220 · Shotel Warrior ×133 · Mangonel ×104 · Trade Cart ×51 · Bombard Cannon ×5 · Monk ×1
Feudal
11:43
Castle
16:28
Imperial
42:02
| APM avg | 20.6 |
| APM peak | 161 |
| eAPM avg | 15.0 |
| Villagers / military | 144 / 271 |
Focus
⚔️ 35.2% · 🌾 64.8%
Militia ×125 · Skirmisher ×61 · Trade Cart ×52 · Mangonel ×43 · Scorpion ×20 · Spearman ×10
Feudal
11:01
Castle
15:40
Imperial
30:26
| APM avg | 31.5 |
| APM peak | 84 |
| eAPM avg | 14.2 |
| Villagers / military | 95 / 300 |
Focus
⚔️ 42.3% · 🌾 57.7%
Hand Cannoneer ×200 · Scout Cavalry ×72 · Bombard Cannon ×16 · Spearman ×6 · Monk ×5 · Archer ×1
Feudal
12:11
Castle
16:06
Imperial
30:46
| APM avg | 37.1 |
| APM peak | 91 |
| eAPM avg | 18.6 |
| Villagers / military | 96 / 334 |
Focus
⚔️ 21.9% · 🌾 78.1%
Spearman ×240 · Iron Pagoda ×87 · Trade Cart ×27 · Fire Lancer ×5 · Monk ×1 · Trebuchet (Packed) ×1
Feudal
9:45
Castle
14:05
Imperial
31:36
| APM avg | 36.3 |
| APM peak | 77 |
| eAPM avg | 17.1 |
| Villagers / military | 168 / 227 |
Focus
⚔️ 23.9% · 🌾 76.1%
Mangonel ×122 · Trade Cart ×119 · Mangudai ×79 · Battering Ram ×23 · Monk ×3
Feudal
11:10
Castle
18:05
Imperial
35:04
| APM avg | 24.4 |
| APM peak | 64 |
| eAPM avg | 19.9 |
| Villagers / military | 164 / 696 |
Focus
⚔️ 40.1% · 🌾 59.9%
Huskarl ×632 · Spearman ×51 · Trade Cart ×42 · Bombard Cannon ×7 · Battering Ram ×5 · Militia ×1
Feudal
10:32
Castle
14:39
Imperial
33:34
| APM avg | 54.5 |
| APM peak | 124 |
| eAPM avg | 37.4 |
| Villagers / military | 216 / 911 |
Focus
⚔️ 35.3% · 🌾 64.7%
Spearman ×777 · Scorpion ×70 · Bombard Cannon ×63 · Trade Cart ×53 · Monk ×1
Feudal
10:07
Castle
16:24
Imperial
36:03
| APM avg | 28.6 |
| APM peak | 87 |
| eAPM avg | 18.8 |
| Villagers / military | 208 / 241 |
Focus
⚔️ 30.9% · 🌾 69.1%
Scout Cavalry ×164 · Trade Cart ×38 · Trebuchet (Packed) ×23 · Mangonel ×22 · Monaspa ×18 · Knight ×13
Match map
Initial resources + every placement click. Lines = walls · curves = elevation contours. ◆ gold · ⬟ stone · ● berries · ✦ relic · ◌ wall gap
Inputs per minute
— jhgfdsa - - 魏武王曹操
Build order — jhgfdsa
First 150 of 450 actions detected
| 0:03 | Create | Villager (Male) ×4 |
| 0:06 | Build | House |
| 0:07 | Build | House |
| 1:40 | Create | Villager (Male) |
| 1:52 | Build | Lumber Camp |
| 2:02 | Create | Villager (Male) |
| 2:22 | Create | Villager (Male) |
| 2:51 | Build | House |
| 2:52 | Build | House |
| 2:53 | Build | House |
| 3:01 | Create | Villager (Male) |
| 3:26 | Create | Villager (Male) |
| 3:54 | Create | Villager (Male) |
| 4:05 | Create | Villager (Male) |
| 4:10 | Create | Villager (Male) |
| 4:38 | Build | House |
| 4:58 | Create | Villager (Male) |
| 5:13 | Create | Villager (Male) |
| 5:32 | Build | Mill |
| 5:39 | Create | Villager (Male) |
| 6:22 | Create | Villager (Male) ×4 |
| 6:50 | Create | Villager (Male) ×3 |
| 7:12 | Research | Loom |
| 7:35 | Research | Feudal Age |
| 8:50 | Build | House |
| 9:40 | Build | Lumber Camp |
| 9:45 | Create | Villager (Male) ×5 |
| 9:49 | Age | Feudal Age |
| 10:01 | Build | Mining Camp |
| 10:24 | Create | Villager (Male) ×5 |
| 10:42 | Build | Stone Wall |
| 10:51 | Build | Building 665 |
| 10:54 | Build | Building 665 |
| 12:02 | Build | Market |
| 12:06 | Build | Blacksmith |
| 12:55 | Create | Villager (Male) |
| 13:39 | Research | Horse Collar |
| 13:46 | Research | Castle Age |
| 14:04 | Research | Double-Bit Axe |
| 14:10 | Build | House |
| 14:11 | Build | House |
| 14:12 | Build | House |
| 14:13 | Build | House |
| 14:21 | Build | Mining Camp |
| 14:32 | Build | Farm |
| 14:33 | Build | Farm |
| 14:34 | Build | Farm |
| 14:44 | Build | House |
| 14:45 | Build | House |
| 14:46 | Build | House |
| 15:09 | Build | Farm |
| 15:44 | Create | Villager (Male) |
| 16:09 | Create | Villager (Male) |
| 16:26 | Age | Castle Age |
| 16:31 | Build | Town Center |
| 16:45 | Create | Villager (Male) |
| 17:00 | Build | Town Center |
| 17:05 | Create | Villager (Male) |
| 17:05 | Create | Villager (Male) |
| 17:21 | Create | Villager (Male) |
| 17:46 | Create | Villager (Male) |
| 17:53 | Build | Farm |
| 17:53 | Build | Farm |
| 17:58 | Build | Farm |
| 18:03 | Build | Farm |
| 18:07 | Create | Villager (Male) |
| 18:27 | Create | Villager (Male) |
| 18:27 | Create | Villager (Male) |
| 18:40 | Create | Villager (Male) |
| 18:40 | Create | Villager (Male) |
| 18:49 | Build | Town Center |
| 18:53 | Create | Villager (Male) |
| 19:13 | Create | Villager (Male) |
| 19:25 | Build | Town Center |
| 19:30 | Create | Villager (Male) |
| 19:40 | Create | Villager (Male) |
| 19:47 | Build | Farm |
| 19:48 | Build | Farm |
| 19:49 | Build | Farm |
| 19:49 | Build | Farm |
| 19:51 | Build | Farm |
| 20:03 | Research | Bow Saw |
| 20:19 | Build | Farm |
| 20:25 | Create | Villager (Male) |
| 20:25 | Create | Villager (Male) |
| 20:32 | Build | Farm |
| 20:33 | Build | Farm |
| 20:39 | Build | Farm |
| 20:40 | Build | Farm |
| 20:45 | Create | Villager (Male) |
| 20:45 | Create | Villager (Male) |
| 20:59 | Research | Heavy Plow |
| 21:08 | Build | Farm |
| 21:09 | Build | Farm |
| 21:14 | Create | Villager (Male) ×2 |
| 21:22 | Build | House |
| 21:22 | Build | House |
| 21:33 | Build | Mining Camp |
| 21:43 | Build | Farm |
| 21:44 | Build | Farm |
| 21:53 | Research | Wheelbarrow |
| 22:04 | Create | Villager (Male) |
| 22:04 | Create | Villager (Male) |
| 22:22 | Research | Stone Mining |
| 22:27 | Create | Villager (Male) |
| 22:28 | Create | Villager (Male) |
| 22:33 | Build | Farm |
| 22:35 | Build | Farm |
| 22:36 | Build | Farm |
| 22:37 | Build | Farm |
| 22:38 | Build | Farm |
| 22:40 | Build | Farm |
| 22:42 | Build | Farm |
| 22:44 | Build | Farm |
| 22:50 | Create | Villager (Male) ×2 |
| 22:54 | Create | Villager (Male) |
| 23:05 | Build | Monastery |
| 23:15 | Create | Villager (Male) ×2 |
| 23:29 | Create | Villager (Male) |
| 23:30 | Create | Villager (Male) |
| 23:30 | Create | Villager (Male) |
| 23:59 | Research | Hand Cart |
| 24:07 | Create | Monk |
| 24:14 | Create | Villager (Male) ×2 |
| 24:14 | Create | Villager (Male) ×2 |
| 24:17 | Create | Villager (Male) |
| 24:17 | Create | Villager (Male) |
| 24:26 | Build | Farm |
| 24:27 | Build | Farm |
| 24:28 | Build | Farm |
| 24:29 | Build | Farm |
| 24:30 | Build | Farm |
| 24:37 | Create | Villager (Male) ×2 |
| 24:40 | Create | Villager (Male) |
| 24:51 | Build | Mining Camp |
| 25:22 | Create | Villager (Male) ×5 |
| 25:22 | Create | Villager (Male) |
| 25:26 | Create | Villager (Male) |
| 25:26 | Create | Villager (Male) |
| 25:37 | Build | University |
| 25:51 | Create | Villager (Male) ×5 |
| 25:51 | Create | Villager (Male) ×5 |
| 26:11 | Build | Mining Camp |
| 26:14 | Research | Gold Mining |
| 26:20 | Create | Villager (Male) ×3 |
| 26:22 | Create | Villager (Male) |
| 26:34 | Build | House |
| 26:42 | Create | Villager (Male) ×4 |
| 26:50 | Build | Farm |
| 26:51 | Build | Farm |
Build order — 魏武王曹操
First 150 of 373 actions detected
| 0:02 | Create | Villager (Male) |
| 0:02 | Research | Loom |
| 0:02 | Create | Villager (Male) |
| 0:05 | Build | House |
| 0:06 | Build | House |
| 0:07 | Build | House |
| 0:14 | Build | House |
| 0:25 | Create | Villager (Male) ×2 |
| 1:48 | Create | Villager (Male) |
| 2:00 | Build | Lumber Camp |
| 2:29 | Create | Villager (Male) |
| 2:55 | Create | Villager (Male) |
| 3:11 | Create | Villager (Male) ×2 |
| 4:08 | Create | Villager (Male) ×3 |
| 5:11 | Build | Palisade Wall |
| 5:24 | Build | Palisade Wall |
| 5:26 | Build | Palisade Wall |
| 5:31 | Create | Villager (Male) |
| 5:47 | Build | Building 796 |
| 5:51 | Create | Villager (Male) ×2 |
| 5:51 | Create | Villager (Male) |
| 6:42 | Create | Villager (Male) ×4 |
| 6:54 | Build | Palisade Wall |
| 6:57 | Build | Palisade Wall |
| 7:29 | Build | Mill |
| 8:30 | Build | House |
| 8:51 | Create | Villager (Male) |
| 9:12 | Build | Mining Camp |
| 9:33 | Research | Feudal Age |
| 9:53 | Create | Villager (Male) ×5 |
| 11:17 | Build | Mining Camp |
| 11:43 | Age | Feudal Age |
| 11:51 | Build | Market |
| 12:00 | Build | Blacksmith |
| 12:10 | Build | Stone Wall |
| 12:12 | Build | Stone Wall |
| 12:13 | Build | Stone Wall |
| 12:15 | Build | Stone Wall |
| 12:37 | Build | Stone Wall |
| 12:40 | Build | Stone Wall |
| 12:55 | Build | Building 490 |
| 13:39 | Research | Castle Age |
| 13:39 | Research | Castle Age |
| 13:56 | Build | Mining Camp |
| 14:26 | Build | House |
| 15:12 | Research | Stone Mining |
| 15:14 | Create | Villager (Male) |
| 16:28 | Age | Castle Age |
| 16:32 | Build | Monastery |
| 16:41 | Build | Town Center |
| 16:44 | Create | Villager (Male) |
| 16:56 | Create | Villager (Male) |
| 17:10 | Create | Monk |
| 17:43 | Build | Farm |
| 17:46 | Build | Farm |
| 17:47 | Build | Farm |
| 17:48 | Build | Farm |
| 17:49 | Build | Farm |
| 17:51 | Build | Farm |
| 17:53 | Build | Farm |
| 18:18 | Build | Farm |
| 18:25 | Build | Farm |
| 18:26 | Create | Villager (Male) |
| 18:40 | Build | Farm |
| 18:41 | Build | Farm |
| 18:43 | Build | Farm |
| 19:01 | Build | Farm |
| 19:03 | Create | Villager (Male) ×2 |
| 19:19 | Create | Villager (Male) |
| 19:19 | Create | Villager (Male) |
| 19:30 | Create | Villager (Male) |
| 19:48 | Build | House |
| 19:50 | Create | Villager (Male) ×2 |
| 19:59 | Build | House |
| 20:03 | Build | Farm |
| 20:13 | Create | Villager (Male) ×2 |
| 20:30 | Build | Farm |
| 20:31 | Build | Farm |
| 20:35 | Build | Farm |
| 20:41 | Create | Villager (Male) ×2 |
| 21:07 | Build | Castle |
| 21:43 | Create | Villager (Male) ×5 |
| 21:51 | Create | Villager (Male) ×3 |
| 22:25 | Build | Town Center |
| 22:56 | Build | Siege Workshop |
| 23:02 | Create | Villager (Male) ×5 |
| 23:16 | Create | Mangonel |
| 23:49 | Create | Villager (Male) ×5 |
| 24:09 | Create | Mangonel |
| 24:34 | Create | Mangonel |
| 25:38 | Build | Barracks |
| 25:41 | Create | Villager (Male) ×5 |
| 25:47 | Build | House |
| 25:48 | Build | House |
| 25:49 | Build | House |
| 26:05 | Research | Wheelbarrow |
| 26:06 | Research | Wheelbarrow |
| 26:15 | Build | Town Center |
| 26:25 | Build | Town Center |
| 26:27 | Create | Villager (Male) ×5 |
| 26:30 | Research | Horse Collar |
| 26:31 | Research | Double-Bit Axe |
| 26:47 | Build | Archery Range |
| 26:52 | Create | Villager (Male) ×5 |
| 27:31 | Build | Archery Range |
| 27:33 | Create | Skirmisher |
| 27:34 | Create | Skirmisher |
| 27:36 | Research | Elite Skirmisher (upgrade) |
| 27:40 | Create | Skirmisher |
| 27:42 | Create | Villager (Male) ×5 |
| 28:08 | Create | Skirmisher ×5 |
| 28:52 | Create | Skirmisher ×2 |
| 29:26 | Research | Fletching |
| 30:03 | Create | Skirmisher |
| 30:51 | Build | Farm |
| 30:53 | Build | Farm |
| 30:54 | Build | Farm |
| 30:55 | Build | Farm |
| 30:56 | Build | Farm |
| 31:01 | Research | Gold Mining |
| 31:03 | Create | Villager (Male) |
| 31:06 | Build | Farm |
| 31:07 | Build | Farm |
| 31:09 | Build | Farm |
| 31:10 | Build | Farm |
| 31:11 | Build | Farm |
| 31:15 | Build | Farm |
| 31:18 | Create | Trade Cart ×5 |
| 31:35 | Create | Villager (Male) ×3 |
| 31:36 | Create | Villager (Male) |
| 31:38 | Build | House |
| 31:41 | Build | House |
| 31:42 | Build | House |
| 31:43 | Build | House |
| 31:50 | Build | Farm |
| 31:51 | Build | Farm |
| 31:53 | Build | Farm |
| 31:59 | Build | Farm |
| 32:00 | Build | Farm |
| 32:03 | Create | Villager (Male) ×4 |
| 32:29 | Build | Farm |
| 32:32 | Create | Villager (Male) ×5 |
| 32:40 | Build | House |
| 32:41 | Build | House |
| 32:42 | Build | House |
| 32:43 | Build | House |
| 32:44 | Build | House |
| 32:45 | Build | House |
| 32:46 | Build | House |
| 33:03 | Build | Farm |
Build order — NoGlory
First 150 of 405 actions detected
| 0:03 | Create | Villager (Male) |
| 0:03 | Create | Villager (Male) |
| 0:03 | Create | Villager (Male) |
| 0:03 | Create | Villager (Male) |
| 0:04 | Create | Villager (Male) |
| 0:05 | Build | House |
| 0:06 | Build | House |
| 1:28 | Create | Villager (Male) |
| 1:29 | Create | Villager (Male) |
| 2:03 | Build | Lumber Camp |
| 2:09 | Create | Villager (Male) |
| 2:09 | Create | Villager (Male) |
| 2:27 | Create | Villager (Male) |
| 2:27 | Create | Villager (Male) |
| 2:38 | Build | House |
| 2:54 | Create | Villager (Male) |
| 2:55 | Create | Villager (Male) |
| 3:25 | Create | Villager (Male) |
| 3:26 | Create | Villager (Male) |
| 3:39 | Create | Villager (Male) |
| 4:11 | Create | Villager (Male) |
| 4:12 | Create | Villager (Male) |
| 4:12 | Create | Villager (Male) |
| 4:12 | Create | Villager (Male) |
| 4:20 | Build | Mill |
| 4:56 | Create | Villager (Male) |
| 4:57 | Create | Villager (Male) |
| 4:57 | Create | Villager (Male) |
| 5:56 | Create | Villager (Male) |
| 5:56 | Create | Villager (Male) |
| 5:57 | Create | Villager (Male) |
| 5:57 | Create | Villager (Male) |
| 5:57 | Create | Villager (Male) |
| 6:14 | Build | House |
| 7:03 | Create | Villager (Male) |
| 7:03 | Create | Villager (Male) |
| 7:03 | Create | Villager (Male) |
| 7:23 | Build | House |
| 8:31 | Build | Mining Camp |
| 8:36 | Research | Feudal Age |
| 8:37 | Research | Loom |
| 8:38 | Create | Villager (Male) |
| 8:40 | Create | Villager (Male) |
| 9:02 | Build | Barracks |
| 11:01 | Age | Feudal Age |
| 11:05 | Build | Blacksmith |
| 11:06 | Research | Horse Collar |
| 11:12 | Build | Archery Range |
| 11:16 | Create | Spearman |
| 11:26 | Build | Farm |
| 11:26 | Build | Farm |
| 11:38 | Build | Farm |
| 11:44 | Build | Farm |
| 11:45 | Build | Farm |
| 12:04 | Build | House |
| 12:38 | Build | Farm |
| 12:42 | Build | Farm |
| 12:47 | Build | House |
| 13:00 | Research | Castle Age |
| 13:09 | Create | Spearman |
| 13:17 | Build | Farm |
| 13:41 | Build | House |
| 14:41 | Build | Archery Range |
| 14:53 | Research | Double-Bit Axe |
| 15:05 | Create | Villager (Male) |
| 15:06 | Create | Villager (Male) |
| 15:40 | Age | Castle Age |
| 15:41 | Build | University |
| 16:04 | Research | Heavy Plow |
| 16:14 | Create | Villager (Male) |
| 16:31 | Create | Archer |
| 17:13 | Build | Archery Range |
| 17:17 | Research | Chemistry |
| 17:20 | Research | Fletching |
| 17:23 | Research | Padded Archer Armor |
| 17:26 | Research | Bow Saw |
| 17:28 | Create | Villager (Male) |
| 18:36 | Build | Monastery |
| 18:58 | Create | Hand Cannoneer |
| 18:58 | Create | Hand Cannoneer |
| 19:02 | Build | Farm |
| 19:02 | Build | Farm |
| 19:02 | Build | Farm |
| 19:03 | Build | Farm |
| 19:18 | Create | Spearman |
| 19:18 | Create | Spearman |
| 19:20 | Create | Spearman |
| 19:28 | Create | Hand Cannoneer |
| 19:31 | Create | Hand Cannoneer |
| 19:32 | Create | Hand Cannoneer |
| 19:35 | Build | Farm |
| 19:43 | Create | Villager (Male) |
| 19:50 | Create | Hand Cannoneer |
| 19:50 | Create | Hand Cannoneer |
| 20:17 | Create | Hand Cannoneer |
| 20:17 | Create | Hand Cannoneer |
| 20:20 | Create | Spearman |
| 20:30 | Build | Farm |
| 21:41 | Create | Hand Cannoneer |
| 21:41 | Create | Hand Cannoneer |
| 21:44 | Create | Villager (Male) |
| 21:52 | Build | House |
| 22:22 | Build | House |
| 22:26 | Build | House |
| 22:34 | Build | Siege Workshop |
| 22:41 | Create | Hand Cannoneer |
| 22:42 | Create | Villager (Male) |
| 22:43 | Create | Villager (Male) |
| 22:46 | Build | Farm |
| 22:49 | Build | Farm |
| 22:52 | Build | House |
| 23:20 | Create | Hand Cannoneer |
| 23:20 | Create | Hand Cannoneer |
| 25:14 | Create | Hand Cannoneer |
| 25:14 | Create | Hand Cannoneer |
| 25:14 | Create | Hand Cannoneer |
| 25:33 | Create | Monk |
| 25:50 | Build | Town Center |
| 25:52 | Build | House |
| 25:52 | Build | House |
| 25:53 | Build | House |
| 25:58 | Create | Villager (Male) |
| 27:16 | Research | Imperial Age |
| 27:17 | Research | Wheelbarrow |
| 27:23 | Build | Siege Workshop |
| 27:25 | Build | Archery Range |
| 27:27 | Build | Archery Range |
| 27:29 | Create | Villager (Male) |
| 27:31 | Create | Villager (Male) |
| 27:31 | Create | Villager (Male) |
| 27:34 | Create | Villager (Male) |
| 29:28 | Create | Hand Cannoneer |
| 29:28 | Create | Hand Cannoneer |
| 29:29 | Create | Hand Cannoneer |
| 29:29 | Create | Hand Cannoneer |
| 29:38 | Build | Farm |
| 29:46 | Research | Hand Cart |
| 29:47 | Create | Villager (Male) |
| 30:01 | Build | Farm |
| 30:04 | Create | Villager (Male) |
| 30:05 | Create | Villager (Male) |
| 30:07 | Create | Villager (Male) |
| 30:26 | Age | Imperial Age |
| 30:44 | Create | Bombard Cannon |
| 31:02 | Build | Mining Camp |
| 31:06 | Create | Hand Cannoneer |
| 31:06 | Create | Hand Cannoneer |
| 31:07 | Create | Hand Cannoneer |
| 31:08 | Create | Hand Cannoneer |
| 31:12 | Create | Villager (Male) |
Build order — FLUX.GHOST
First 150 of 386 actions detected
| 0:06 | Build | House |
| 0:07 | Build | House |
| 0:08 | Research | Loom |
| 0:10 | Create | Villager (Male) ×4 |
| 0:10 | Create | Villager (Male) ×4 |
| 1:58 | Create | Villager (Male) |
| 2:14 | Create | Villager (Male) |
| 3:02 | Create | Villager (Male) |
| 3:28 | Create | Villager (Male) |
| 3:28 | Create | Villager (Male) |
| 4:02 | Build | Lumber Camp |
| 4:07 | Create | Villager (Male) |
| 4:07 | Create | Villager (Male) |
| 4:08 | Create | Villager (Male) |
| 4:37 | Build | House |
| 4:52 | Create | Villager (Male) |
| 4:53 | Create | Villager (Male) |
| 5:11 | Create | Villager (Male) |
| 5:11 | Create | Villager (Male) |
| 5:30 | Create | Villager (Male) |
| 5:56 | Build | House |
| 6:05 | Create | Villager (Male) |
| 6:38 | Create | Villager (Male) |
| 6:39 | Create | Villager (Male) |
| 7:01 | Build | House |
| 7:34 | Build | Mill |
| 7:41 | Create | Villager (Male) |
| 7:42 | Create | Villager (Male) |
| 8:49 | Build | Mining Camp |
| 8:53 | Create | Villager (Male) |
| 8:54 | Create | Villager (Male) |
| 8:55 | Create | Villager (Male) |
| 9:18 | Research | Feudal Age |
| 9:39 | Build | Mining Camp |
| 11:43 | Build | Farm |
| 11:45 | Build | Farm |
| 12:11 | Age | Feudal Age |
| 12:13 | Build | Market |
| 12:23 | Build | Blacksmith |
| 13:18 | Build | Lumber Camp |
| 13:26 | Research | Castle Age |
| 14:11 | Research | Double-Bit Axe |
| 16:06 | Age | Castle Age |
| 16:09 | Build | Town Center |
| 16:30 | Build | Town Center |
| 16:40 | Build | Town Center |
| 16:44 | Create | Villager (Male) |
| 16:44 | Create | Villager (Male) |
| 16:51 | Build | Farm |
| 17:23 | Build | Farm |
| 17:32 | Build | House |
| 17:33 | Build | House |
| 17:38 | Build | Farm |
| 17:42 | Create | Villager (Male) |
| 17:47 | Research | Bow Saw |
| 17:54 | Build | Farm |
| 17:58 | Build | Farm |
| 18:01 | Build | Farm |
| 18:05 | Create | Villager (Male) |
| 18:10 | Build | Farm |
| 18:28 | Create | Villager (Male) |
| 18:29 | Create | Villager (Male) |
| 18:33 | Create | Villager (Male) |
| 18:42 | Build | House |
| 18:55 | Create | Villager (Male) |
| 19:00 | Build | Farm |
| 19:06 | Build | Farm |
| 19:09 | Create | Villager (Male) |
| 19:16 | Build | House |
| 19:17 | Build | House |
| 19:23 | Create | Villager (Male) |
| 19:33 | Build | Farm |
| 19:34 | Build | Farm |
| 19:35 | Build | Farm |
| 19:38 | Create | Villager (Male) |
| 19:42 | Build | Farm |
| 19:48 | Create | Villager (Male) |
| 19:52 | Build | Farm |
| 20:04 | Create | Villager (Male) |
| 20:14 | Create | Villager (Male) |
| 20:18 | Build | House |
| 20:29 | Build | Farm |
| 20:30 | Build | Farm |
| 20:34 | Build | Farm |
| 20:41 | Create | Villager (Male) |
| 20:46 | Build | Farm |
| 20:51 | Build | House |
| 20:54 | Create | Villager (Male) |
| 20:57 | Create | Villager (Male) |
| 21:04 | Build | Farm |
| 21:09 | Create | Villager (Male) |
| 21:15 | Create | Villager (Male) |
| 21:19 | Create | Villager (Male) |
| 21:23 | Create | Villager (Male) |
| 21:31 | Build | Farm |
| 21:36 | Create | Villager (Male) |
| 21:38 | Build | Farm |
| 21:43 | Build | House |
| 21:44 | Build | House |
| 21:53 | Build | Farm |
| 21:56 | Create | Villager (Male) |
| 21:56 | Create | Villager (Male) |
| 22:06 | Create | Villager (Male) |
| 22:07 | Build | Farm |
| 22:17 | Create | Villager (Male) |
| 22:18 | Create | Villager (Male) |
| 22:32 | Create | Villager (Male) |
| 22:35 | Build | Farm |
| 22:37 | Create | Villager (Male) |
| 22:40 | Research | Gold Mining |
| 22:49 | Create | Villager (Male) |
| 22:54 | Create | Villager (Male) |
| 23:00 | Build | House |
| 23:04 | Create | Villager (Male) |
| 23:09 | Create | Villager (Male) |
| 23:14 | Build | Farm |
| 23:41 | Create | Villager (Male) |
| 23:41 | Create | Villager (Male) |
| 23:43 | Create | Villager (Male) |
| 23:44 | Create | Villager (Male) |
| 23:52 | Research | Gold Shaft Mining |
| 23:54 | Create | Villager (Male) |
| 24:12 | Build | Siege Workshop |
| 24:23 | Research | Wheelbarrow |
| 24:28 | Research | Horse Collar |
| 24:36 | Build | Lumber Camp |
| 24:49 | Create | Villager (Male) |
| 24:55 | Create | Villager (Male) |
| 25:01 | Create | Villager (Male) |
| 25:23 | Create | Villager (Male) |
| 25:25 | Create | Villager (Male) |
| 25:26 | Create | Villager (Male) |
| 25:27 | Create | Villager (Male) |
| 25:28 | Create | Villager (Male) |
| 25:29 | Create | Villager (Male) |
| 25:37 | Create | Villager (Male) |
| 26:01 | Create | Villager (Male) |
| 26:23 | Build | University |
| 26:25 | Create | Villager (Male) |
| 26:29 | Build | Farm |
| 26:33 | Create | Villager (Male) |
| 26:34 | Create | Villager (Male) |
| 26:48 | Create | Villager (Male) |
| 26:48 | Create | Villager (Male) |
| 27:05 | Create | Iron Pagoda |
| 27:13 | Build | Castle |
| 27:22 | Build | House |
| 27:23 | Build | House |
| 27:23 | Build | House |
| 27:31 | Research | Ballistics |
Build order — 无所谓低调
First 150 of 380 actions detected
| 0:01 | Create | Villager (Male) |
| 0:02 | Create | Villager (Male) |
| 0:02 | Create | Villager (Male) |
| 0:02 | Create | Villager (Male) |
| 0:04 | Build | House |
| 0:06 | Build | House |
| 1:45 | Create | Villager (Male) |
| 1:49 | Build | Lumber Camp |
| 1:54 | Create | Villager (Male) |
| 2:34 | Create | Villager (Male) |
| 2:49 | Create | Villager (Male) |
| 3:09 | Create | Villager (Male) |
| 3:09 | Create | Villager (Male) |
| 3:09 | Create | Villager (Male) |
| 3:26 | Create | Villager (Male) |
| 3:29 | Build | House |
| 3:30 | Build | House |
| 3:47 | Create | Villager (Male) |
| 4:22 | Create | Villager (Male) |
| 4:22 | Create | Villager (Male) |
| 4:22 | Create | Villager (Male) |
| 4:33 | Build | House |
| 4:48 | Build | House |
| 5:10 | Build | Mill |
| 5:24 | Create | Villager (Male) |
| 5:24 | Create | Villager (Male) |
| 5:40 | Create | Villager (Male) |
| 5:40 | Create | Villager (Male) |
| 5:49 | Create | Villager (Male) |
| 5:54 | Create | Villager (Male) |
| 5:55 | Create | Villager (Male) |
| 6:26 | Create | Villager (Male) |
| 6:34 | Create | Villager (Male) |
| 7:14 | Build | Mining Camp |
| 7:33 | Research | Feudal Age |
| 8:00 | Build | Farm |
| 8:03 | Build | Farm |
| 8:07 | Build | Farm |
| 8:14 | Create | Villager (Male) |
| 8:15 | Create | Villager (Male) |
| 8:15 | Create | Villager (Male) |
| 8:29 | Build | Lumber Camp |
| 9:45 | Age | Feudal Age |
| 9:52 | Build | Market |
| 9:58 | Build | Blacksmith |
| 10:50 | Create | Villager (Male) |
| 10:56 | Build | Farm |
| 11:21 | Research | Castle Age |
| 11:50 | Research | Double-Bit Axe |
| 12:10 | Research | Horse Collar |
| 13:04 | Research | Wheelbarrow |
| 14:05 | Age | Castle Age |
| 14:07 | Build | Monastery |
| 14:16 | Research | Bow Saw |
| 14:26 | Build | Town Center |
| 14:31 | Research | Heavy Plow |
| 15:00 | Build | Mining Camp |
| 15:00 | Create | Monk |
| 15:25 | Create | Monk |
| 15:27 | Create | Villager (Male) |
| 15:27 | Create | Villager (Male) |
| 15:30 | Create | Villager (Male) |
| 15:58 | Create | Villager (Male) |
| 16:09 | Build | Town Center |
| 17:20 | Create | Villager (Male) |
| 17:20 | Create | Villager (Male) |
| 17:29 | Create | Villager (Male) |
| 17:58 | Build | Town Center |
| 18:42 | Create | Villager (Male) |
| 18:44 | Build | Farm |
| 18:47 | Create | Villager (Male) |
| 18:49 | Build | Farm |
| 18:51 | Build | Farm |
| 18:53 | Build | Farm |
| 19:06 | Build | Farm |
| 19:24 | Create | Villager (Male) |
| 19:26 | Build | Farm |
| 19:31 | Build | Farm |
| 19:38 | Create | Villager (Male) |
| 19:44 | Build | Farm |
| 19:45 | Build | Farm |
| 19:46 | Build | Farm |
| 19:48 | Build | Farm |
| 19:49 | Build | Farm |
| 20:08 | Create | Villager (Male) |
| 20:11 | Create | Villager (Male) |
| 20:13 | Build | Farm |
| 20:18 | Build | Farm |
| 20:27 | Create | Villager (Male) |
| 20:31 | Research | Loom |
| 20:43 | Build | Town Center |
| 20:46 | Create | Villager (Male) |
| 20:46 | Create | Villager (Male) |
| 20:48 | Build | Farm |
| 20:56 | Build | Farm |
| 21:07 | Create | Villager (Male) |
| 21:07 | Create | Villager (Male) |
| 21:14 | Build | Siege Workshop |
| 21:28 | Create | Villager (Male) |
| 21:28 | Create | Villager (Male) |
| 21:30 | Create | Villager (Male) |
| 21:39 | Create | Villager (Male) |
| 21:48 | Create | Mangonel |
| 21:49 | Create | Mangonel |
| 21:51 | Create | Villager (Male) |
| 21:51 | Create | Villager (Male) |
| 21:53 | Create | Villager (Male) |
| 21:54 | Create | Villager (Male) |
| 22:06 | Build | Farm |
| 22:06 | Build | Farm |
| 22:08 | Create | Villager (Male) |
| 22:14 | Create | Villager (Male) |
| 22:24 | Create | Villager (Male) |
| 22:24 | Create | Villager (Male) |
| 22:33 | Build | House |
| 22:33 | Build | House |
| 22:35 | Build | House |
| 22:40 | Create | Villager (Male) |
| 22:41 | Create | Villager (Male) |
| 23:08 | Create | Villager (Male) |
| 23:08 | Create | Villager (Male) |
| 23:09 | Create | Villager (Male) |
| 23:09 | Create | Villager (Male) |
| 23:19 | Create | Villager (Male) |
| 23:20 | Create | Villager (Male) |
| 23:30 | Create | Villager (Male) |
| 23:31 | Create | Villager (Male) |
| 23:39 | Create | Mangonel |
| 23:40 | Create | Villager (Male) |
| 23:41 | Create | Villager (Male) |
| 23:47 | Build | Farm |
| 23:48 | Build | Farm |
| 24:03 | Build | House |
| 24:04 | Build | House |
| 24:35 | Build | Siege Workshop |
| 24:37 | Build | Siege Workshop |
| 24:41 | Research | Hand Cart |
| 24:42 | Create | Villager (Male) ×5 |
| 24:42 | Create | Villager (Male) ×2 |
| 24:45 | Build | Farm |
| 24:46 | Build | Farm |
| 24:49 | Build | Farm |
| 24:50 | Build | Farm |
| 24:53 | Build | Farm |
| 24:55 | Create | Villager (Male) |
| 24:56 | Create | Villager (Male) |
| 24:56 | Create | Villager (Male) |
| 24:56 | Create | Villager (Male) |
| 25:01 | Build | House |
| 25:01 | Build | House |
Build order — 快乐的大鹅
First 150 of 816 actions detected
| 0:09 | Build | House |
| 0:10 | Build | House |
| 0:11 | Create | Villager (Male) |
| 0:12 | Create | Villager (Male) |
| 0:12 | Create | Villager (Male) |
| 0:37 | Create | Villager (Male) |
| 2:10 | Create | Villager (Male) |
| 2:16 | Create | Villager (Male) |
| 2:53 | Create | Villager (Male) |
| 2:53 | Research | Loom |
| 3:27 | Build | Lumber Camp |
| 3:36 | Create | Villager (Male) |
| 3:38 | Create | Villager (Male) |
| 3:39 | Create | Villager (Male) |
| 3:39 | Create | Villager (Male) |
| 4:35 | Create | Villager (Male) |
| 4:38 | Build | House |
| 4:49 | Create | Villager (Male) |
| 5:24 | Research | Loom |
| 5:59 | Create | Villager (Male) |
| 6:00 | Create | Villager (Male) |
| 6:22 | Build | Mill |
| 6:29 | Create | Villager (Male) |
| 6:29 | Create | Villager (Male) |
| 6:37 | Build | House |
| 6:59 | Build | House |
| 7:17 | Build | House |
| 7:31 | Create | Villager (Male) |
| 7:31 | Create | Villager (Male) |
| 7:45 | Build | Mining Camp |
| 8:16 | Build | Palisade Wall |
| 8:21 | Create | Villager (Male) |
| 8:21 | Create | Villager (Male) |
| 8:58 | Create | Villager (Male) |
| 9:00 | Research | Feudal Age |
| 9:11 | Build | House |
| 9:19 | Create | Villager (Male) |
| 9:19 | Create | Villager (Male) |
| 9:38 | Create | Villager (Male) |
| 9:38 | Create | Villager (Male) |
| 9:47 | Build | House |
| 10:07 | Build | Palisade Wall |
| 10:13 | Build | Building 800 |
| 10:35 | Create | Villager (Male) |
| 10:35 | Create | Villager (Male) |
| 11:10 | Age | Feudal Age |
| 11:23 | Build | Blacksmith |
| 12:04 | Build | Barracks |
| 12:07 | Build | Palisade Wall |
| 12:11 | Build | Palisade Wall |
| 12:20 | Create | Villager (Male) |
| 12:59 | Build | Farm |
| 12:59 | Build | Farm |
| 12:59 | Build | Farm |
| 13:09 | Create | Villager (Male) |
| 13:09 | Create | Villager (Male) |
| 13:51 | Build | House |
| 14:13 | Build | Market |
| 14:22 | Build | Farm |
| 14:22 | Build | Farm |
| 14:46 | Create | Villager (Male) |
| 14:54 | Build | Lumber Camp |
| 15:25 | Research | Castle Age |
| 15:32 | Build | Farm |
| 15:34 | Build | Farm |
| 15:34 | Build | Farm |
| 15:34 | Build | Farm |
| 15:59 | Create | Villager (Male) |
| 17:33 | Build | House |
| 17:36 | Create | Villager (Male) |
| 17:39 | Research | Double-Bit Axe |
| 17:44 | Research | Horse Collar |
| 18:05 | Age | Castle Age |
| 18:11 | Build | Town Center |
| 18:17 | Build | Town Center |
| 18:33 | Create | Villager (Male) |
| 18:36 | Create | Villager (Male) |
| 18:39 | Build | Farm |
| 18:56 | Build | House |
| 19:00 | Create | Villager (Male) |
| 19:01 | Create | Villager (Male) |
| 19:14 | Build | Stable |
| 19:24 | Build | Siege Workshop |
| 19:33 | Create | Villager (Male) |
| 19:34 | Create | Villager (Male) |
| 19:34 | Create | Villager (Male) |
| 19:36 | Build | Farm |
| 19:37 | Build | Farm |
| 19:42 | Build | Farm |
| 19:44 | Build | Farm |
| 19:47 | Create | Villager (Male) |
| 19:48 | Create | Villager (Male) |
| 19:53 | Build | Farm |
| 20:08 | Build | Farm |
| 20:18 | Create | Spearman |
| 20:18 | Create | Spearman |
| 20:29 | Create | Battering Ram |
| 20:29 | Create | Battering Ram |
| 20:34 | Create | Villager (Male) |
| 20:35 | Create | Villager (Male) |
| 20:35 | Create | Villager (Male) |
| 20:38 | Build | House |
| 20:51 | Create | Villager (Male) |
| 20:55 | Build | Barracks |
| 20:57 | Create | Villager (Male) |
| 20:57 | Create | Villager (Male) |
| 21:04 | Build | Farm |
| 21:10 | Build | Farm |
| 21:14 | Create | Villager (Male) |
| 21:14 | Create | Villager (Male) |
| 21:20 | Create | Villager (Male) |
| 21:22 | Create | Spearman |
| 21:23 | Create | Spearman |
| 21:30 | Create | Spearman |
| 21:39 | Create | Battering Ram |
| 21:44 | Create | Spearman |
| 21:49 | Create | Villager (Male) |
| 22:13 | Research | Pikeman (upgrade) |
| 22:33 | Build | Outpost |
| 22:35 | Create | Villager (Male) |
| 22:35 | Create | Villager (Male) |
| 22:41 | Build | Farm |
| 22:41 | Build | Farm |
| 22:41 | Build | Farm |
| 22:50 | Build | Farm |
| 22:50 | Build | Farm |
| 22:50 | Build | Farm |
| 22:51 | Build | Farm |
| 22:57 | Create | Villager (Male) |
| 22:57 | Create | Villager (Male) |
| 23:04 | Build | Farm |
| 23:06 | Build | House |
| 23:12 | Create | Villager (Male) |
| 23:13 | Create | Villager (Male) |
| 23:18 | Build | House |
| 23:20 | Build | House |
| 23:22 | Build | House |
| 23:29 | Build | Farm |
| 23:32 | Create | Spearman |
| 23:33 | Create | Spearman |
| 24:11 | Create | Spearman |
| 24:12 | Create | Spearman |
| 24:47 | Create | Spearman |
| 24:48 | Create | Spearman |
| 24:48 | Create | Spearman |
| 24:48 | Create | Spearman |
| 25:11 | Create | Militia |
| 25:18 | Research | Scale Mail Armor |
| 25:19 | Create | Villager (Male) |
| 25:19 | Create | Villager (Male) |
Build order — Unkoman
First 150 of 646 actions detected
| 0:02 | Create | Villager (Male) |
| 0:02 | Create | Villager (Male) |
| 0:03 | Build | House |
| 0:04 | Build | House |
| 0:34 | Create | Villager (Male) |
| 0:34 | Create | Villager (Male) |
| 1:29 | Create | Villager (Male) |
| 1:58 | Create | Villager (Male) |
| 2:27 | Create | Villager (Male) |
| 2:38 | Build | Lumber Camp |
| 2:46 | Create | Villager (Male) |
| 2:46 | Create | Villager (Male) |
| 3:06 | Build | House |
| 3:07 | Build | House |
| 3:37 | Create | Villager (Male) |
| 3:37 | Create | Villager (Male) |
| 3:38 | Create | Villager (Male) |
| 3:55 | Create | Villager (Male) |
| 5:06 | Create | Villager (Male) |
| 5:06 | Create | Villager (Male) |
| 5:07 | Create | Villager (Male) |
| 5:07 | Create | Villager (Male) |
| 5:17 | Build | Mill |
| 6:45 | Create | Villager (Male) |
| 6:45 | Create | Villager (Male) |
| 6:45 | Create | Villager (Male) |
| 6:46 | Create | Villager (Male) |
| 6:46 | Create | Villager (Male) |
| 7:48 | Build | Mining Camp |
| 7:55 | Research | Loom |
| 8:16 | Research | Feudal Age |
| 10:03 | Build | House |
| 10:26 | Create | Villager (Male) |
| 10:27 | Create | Villager (Male) |
| 10:27 | Create | Villager (Male) |
| 10:27 | Create | Villager (Male) |
| 10:32 | Age | Feudal Age |
| 10:34 | Build | Market |
| 10:41 | Build | Blacksmith |
| 10:58 | Research | Double-Bit Axe |
| 11:45 | Build | House |
| 11:59 | Research | Castle Age |
| 12:30 | Research | Horse Collar |
| 12:40 | Build | Farm |
| 12:41 | Build | Farm |
| 12:42 | Build | Farm |
| 12:52 | Create | Villager (Male) |
| 13:30 | Build | Farm |
| 13:31 | Build | Farm |
| 13:39 | Build | Farm |
| 13:40 | Build | Farm |
| 14:39 | Age | Castle Age |
| 14:48 | Build | Town Center |
| 14:53 | Build | Town Center |
| 14:59 | Research | Bow Saw |
| 15:00 | Create | Villager (Male) |
| 15:00 | Create | Villager (Male) |
| 15:01 | Create | Villager (Male) |
| 15:08 | Build | Farm |
| 15:18 | Create | Villager (Male) |
| 15:19 | Create | Villager (Male) |
| 15:19 | Create | Villager (Male) |
| 15:39 | Build | Farm |
| 15:39 | Build | Farm |
| 15:58 | Build | Farm |
| 16:00 | Build | Farm |
| 16:40 | Build | Farm |
| 16:41 | Build | Farm |
| 16:41 | Build | Farm |
| 16:53 | Build | Farm |
| 16:54 | Build | Farm |
| 16:58 | Build | Farm |
| 17:00 | Build | Farm |
| 17:02 | Create | Villager (Male) |
| 17:02 | Create | Villager (Male) |
| 17:02 | Create | Villager (Male) |
| 17:02 | Create | Villager (Male) |
| 17:11 | Create | Villager (Male) |
| 17:11 | Create | Villager (Male) |
| 17:15 | Create | Villager (Male) |
| 17:16 | Create | Villager (Male) |
| 17:20 | Create | Villager (Male) |
| 17:47 | Build | Farm |
| 17:52 | Build | Farm |
| 17:54 | Create | Villager (Male) |
| 17:54 | Create | Villager (Male) |
| 17:55 | Create | Villager (Male) |
| 17:55 | Create | Villager (Male) |
| 18:04 | Build | Farm |
| 18:10 | Build | Farm |
| 18:13 | Create | Villager (Male) |
| 18:14 | Create | Villager (Male) |
| 18:17 | Build | Farm |
| 18:23 | Create | Villager (Male) |
| 18:23 | Create | Villager (Male) |
| 18:34 | Build | House |
| 18:35 | Build | House |
| 18:40 | Build | House |
| 18:42 | Build | House |
| 18:45 | Create | Villager (Male) |
| 18:45 | Create | Villager (Male) |
| 18:45 | Create | Villager (Male) |
| 18:46 | Create | Villager (Male) |
| 19:01 | Build | Farm |
| 19:31 | Create | Villager (Male) |
| 19:31 | Create | Villager (Male) |
| 19:31 | Create | Villager (Male) |
| 19:31 | Create | Villager (Male) |
| 19:32 | Create | Villager (Male) |
| 19:32 | Create | Villager (Male) |
| 19:40 | Research | Heavy Plow |
| 19:53 | Build | House |
| 19:54 | Build | House |
| 19:55 | Build | House |
| 19:57 | Build | House |
| 20:17 | Build | Town Center |
| 20:22 | Create | Villager (Male) |
| 20:22 | Create | Villager (Male) |
| 20:22 | Create | Villager (Male) |
| 20:22 | Create | Villager (Male) |
| 20:33 | Build | House |
| 20:41 | Build | Monastery |
| 20:43 | Build | House |
| 20:47 | Build | House |
| 20:55 | Create | Villager (Male) |
| 20:55 | Create | Villager (Male) |
| 20:56 | Create | Villager (Male) |
| 20:56 | Create | Villager (Male) |
| 20:56 | Create | Villager (Male) |
| 20:56 | Create | Villager (Male) |
| 20:56 | Create | Villager (Male) |
| 21:06 | Build | Town Center |
| 21:38 | Create | Villager (Male) |
| 21:38 | Create | Villager (Male) |
| 21:39 | Create | Villager (Male) |
| 21:39 | Create | Villager (Male) |
| 21:39 | Create | Villager (Male) |
| 21:39 | Create | Villager (Male) |
| 21:39 | Create | Villager (Male) |
| 21:40 | Create | Villager (Male) |
| 21:51 | Build | Town Center |
| 22:18 | Create | Villager (Male) |
| 22:18 | Create | Villager (Male) |
| 22:18 | Create | Villager (Male) |
| 22:19 | Create | Villager (Male) |
| 22:19 | Create | Villager (Male) |
| 22:19 | Create | Villager (Male) |
| 22:23 | Build | House |
| 22:23 | Build | House |
| 22:25 | Build | House |
Build order — fx17888
First 150 of 474 actions detected
| 0:02 | Research | Loom |
| 0:03 | Create | Villager (Male) |
| 0:03 | Create | Villager (Male) |
| 0:03 | Create | Villager (Male) |
| 0:07 | Build | House |
| 0:09 | Build | House |
| 0:56 | Create | Villager (Male) |
| 1:09 | Build | House |
| 1:10 | Build | House |
| 2:00 | Create | Villager (Male) |
| 2:28 | Create | Villager (Male) |
| 2:31 | Create | Villager (Male) |
| 2:54 | Create | Villager (Male) |
| 3:21 | Create | Villager (Male) |
| 4:03 | Create | Villager (Male) |
| 4:18 | Build | Mill |
| 4:31 | Create | Villager (Male) |
| 4:31 | Create | Villager (Male) |
| 4:42 | Create | Villager (Male) |
| 4:56 | Build | Mule Cart |
| 4:56 | Create | Villager (Male) |
| 5:46 | Create | Villager (Male) |
| 5:47 | Create | Villager (Male) |
| 5:54 | Create | Villager (Male) |
| 6:15 | Create | Villager (Male) |
| 6:24 | Create | Villager (Male) |
| 6:31 | Create | Villager (Male) |
| 7:04 | Create | Villager (Male) |
| 7:54 | Research | Feudal Age |
| 9:57 | Build | Barracks |
| 10:00 | Create | Villager (Male) |
| 10:04 | Create | Villager (Male) |
| 10:07 | Age | Feudal Age |
| 10:24 | Build | Blacksmith |
| 10:36 | Build | Farm |
| 10:43 | Build | House |
| 11:22 | Create | Villager (Male) |
| 11:29 | Build | House |
| 11:39 | Build | Mule Cart |
| 12:36 | Create | Villager (Male) |
| 12:37 | Create | Villager (Male) |
| 12:56 | Build | Stable |
| 13:02 | Research | Double-Bit Axe |
| 13:12 | Build | Farm |
| 13:23 | Create | Villager (Male) |
| 13:34 | Build | Farm |
| 13:44 | Research | Castle Age |
| 14:01 | Build | Mule Cart |
| 14:09 | Build | Farm |
| 14:36 | Create | Villager (Male) |
| 14:49 | Build | Farm |
| 14:54 | Build | Farm |
| 15:32 | Build | Stone Wall |
| 15:35 | Build | Building 490 |
| 15:40 | Build | Stone Wall |
| 15:49 | Build | Farm |
| 15:55 | Research | Bloodlines |
| 16:24 | Age | Castle Age |
| 16:32 | Create | Knight ×2 |
| 16:42 | Build | Town Center |
| 16:46 | Create | Villager (Male) |
| 16:54 | Create | Knight |
| 17:12 | Create | Villager (Male) |
| 17:46 | Create | Knight |
| 18:06 | Create | Villager (Male) |
| 18:15 | Build | Town Center |
| 18:24 | Create | Villager (Male) ×2 |
| 18:48 | Create | Villager (Male) |
| 19:16 | Create | Knight |
| 19:32 | Build | Farm |
| 19:33 | Build | Farm |
| 19:37 | Create | Villager (Male) |
| 19:37 | Create | Villager (Male) |
| 19:53 | Create | Villager (Male) |
| 19:55 | Build | Farm |
| 19:56 | Build | Farm |
| 19:57 | Build | Farm |
| 19:59 | Build | Farm |
| 20:17 | Create | Villager (Male) |
| 20:31 | Build | Farm |
| 20:36 | Build | House |
| 20:38 | Build | House |
| 20:38 | Build | House |
| 20:43 | Create | Knight |
| 20:44 | Create | Knight |
| 20:46 | Create | Knight |
| 21:36 | Research | Wheelbarrow |
| 22:09 | Build | Farm |
| 22:11 | Build | Farm |
| 22:15 | Create | Villager (Male) |
| 22:15 | Create | Villager (Male) |
| 22:15 | Create | Villager (Male) |
| 22:17 | Create | Villager (Male) |
| 22:30 | Build | Siege Workshop |
| 22:32 | Create | Villager (Male) |
| 22:35 | Build | House |
| 22:37 | Build | House |
| 22:39 | Build | University |
| 22:44 | Build | University |
| 22:46 | Create | Villager (Male) ×2 |
| 23:02 | Build | Farm |
| 23:04 | Create | Villager (Male) |
| 23:08 | Build | Farm |
| 23:09 | Build | Farm |
| 23:13 | Build | Farm |
| 23:15 | Create | Villager (Male) |
| 23:20 | Create | Villager (Male) |
| 23:26 | Create | Mangonel |
| 23:34 | Create | Villager (Male) |
| 23:44 | Create | Villager (Male) |
| 23:50 | Create | Mangonel |
| 23:52 | Create | Knight |
| 24:02 | Build | Monastery |
| 24:53 | Create | Villager (Male) |
| 24:53 | Create | Villager (Male) |
| 24:55 | Create | Villager (Male) ×5 |
| 24:56 | Create | Villager (Male) ×5 |
| 25:03 | Build | Farm |
| 25:05 | Build | Farm |
| 25:08 | Create | Villager (Male) ×2 |
| 25:08 | Create | Villager (Male) ×2 |
| 25:10 | Create | Villager (Male) |
| 25:10 | Create | Villager (Male) |
| 25:26 | Create | Monk |
| 25:54 | Create | Villager (Male) |
| 25:55 | Create | Villager (Male) |
| 25:56 | Create | Villager (Male) |
| 25:58 | Create | Villager (Male) ×2 |
| 26:03 | Research | Treadmill Crane |
| 26:06 | Build | Farm |
| 26:09 | Build | Farm |
| 26:11 | Create | Villager (Male) ×2 |
| 26:13 | Create | Villager (Male) |
| 26:40 | Research | Husbandry |
| 26:47 | Create | Villager (Male) |
| 26:59 | Create | Mangonel |
| 27:01 | Create | Villager (Male) |
| 27:05 | Build | Mule Cart |
| 27:09 | Build | Mule Cart |
| 27:10 | Create | Villager (Male) |
| 27:12 | Create | Villager (Male) |
| 27:13 | Create | Villager (Male) |
| 27:23 | Create | Knight |
| 27:51 | Create | Knight ×3 |
| 28:10 | Build | Farm |
| 28:12 | Build | Farm |
| 28:15 | Build | Farm |
| 28:16 | Build | Farm |
| 28:18 | Build | Farm |
| 28:19 | Build | Farm |
Match timeline
| 5:11 | 魏武王曹操 · wall_segment Palisade Wall x4 |
| 5:24 | 魏武王曹操 · wall_segment Palisade Wall x19 |
| 5:26 | 魏武王曹操 · wall_segment Palisade Wall x2 |
| 6:54 | 魏武王曹操 · wall_segment Palisade Wall x7 |
| 6:57 | 魏武王曹操 · wall_segment Palisade Wall x8 |
| 8:16 | 快乐的大鹅 · wall_segment Palisade Wall x4 |
| 9:02 | NoGlory · first_building Barracks |
| 9:45 | 无所谓低调 · age_up feudal |
| 9:49 | jhgfdsa · age_up feudal |
| 9:57 | fx17888 · first_building Barracks |
| 10:07 | 快乐的大鹅 · wall_segment Palisade Wall x18 |
| 10:07 | fx17888 · age_up feudal |
| 10:32 | Unkoman · age_up feudal |
| 10:42 | jhgfdsa · wall_segment Stone Wall x27 |
| 11:01 | NoGlory · age_up feudal |
| 11:10 | 快乐的大鹅 · age_up feudal |
| 11:12 | NoGlory · first_building Archery Range |
| 11:43 | 魏武王曹操 · age_up feudal |
| 12:04 | 快乐的大鹅 · first_building Barracks |
| 12:07 | 快乐的大鹅 · wall_segment Palisade Wall x1 |
| 12:10 | 魏武王曹操 · wall_segment Stone Wall x6 |
| 12:11 | FLUX.GHOST · age_up feudal |
| 12:11 | 快乐的大鹅 · wall_segment Palisade Wall x1 |
| 12:12 | 魏武王曹操 · wall_segment Stone Wall x5 |
| 12:13 | 魏武王曹操 · wall_segment Stone Wall x2 |
| 12:15 | 魏武王曹操 · wall_segment Stone Wall x6 |
| 12:37 | 魏武王曹操 · wall_segment Stone Wall x17 |
| 12:40 | 魏武王曹操 · wall_segment Stone Wall x3 |
| 12:56 | fx17888 · first_building Stable |
| 14:05 | 无所谓低调 · age_up castle |
| 14:07 | 无所谓低调 · first_building Monastery |
| 14:39 | Unkoman · age_up castle |
| 15:18 | 快乐的大鹅 · first_market_buy 100 food |
| 15:32 | fx17888 · wall_segment Stone Wall x1 |
| 15:40 | NoGlory · age_up castle |
| 15:40 | fx17888 · wall_segment Stone Wall x1 |
| 16:06 | FLUX.GHOST · age_up castle |
| 16:22 | jhgfdsa · first_market_buy 100 stone |
| 16:24 | fx17888 · age_up castle |
| 16:26 | jhgfdsa · age_up castle |
| 16:28 | 魏武王曹操 · age_up castle |
| 16:32 | 魏武王曹操 · first_building Monastery |
| 18:05 | 快乐的大鹅 · age_up castle |
| 18:36 | NoGlory · first_building Monastery |
| 19:14 | 快乐的大鹅 · first_building Stable |
| 19:24 | 快乐的大鹅 · first_building Siege Workshop |
| 20:41 | Unkoman · first_building Monastery |
| 21:07 | 魏武王曹操 · first_building Castle |
| 21:14 | 无所谓低调 · first_building Siege Workshop |
| 22:30 | fx17888 · first_building Siege Workshop |
| 22:34 | NoGlory · first_building Siege Workshop |
| 22:56 | 魏武王曹操 · first_building Siege Workshop |
| 23:05 | jhgfdsa · first_building Monastery |
| 24:02 | fx17888 · first_building Monastery |
| 24:12 | FLUX.GHOST · first_building Siege Workshop |
| 25:38 | 魏武王曹操 · first_building Barracks |
| 26:21 | 无所谓低调 · first_building Barracks |
| 26:46 | Unkoman · first_building Castle |
| 26:47 | 魏武王曹操 · first_building Archery Range |
| 27:04 | Unkoman · first_building Siege Workshop |
| 27:13 | FLUX.GHOST · first_building Castle |
| 28:00 | jhgfdsa · first_building Siege Workshop |
| 29:12 | jhgfdsa · first_building Castle |
| 29:17 | jhgfdsa · first_building Barracks |
| 29:18 | 无所谓低调 · first_building Castle |
| 29:45 | fx17888 · first_building Castle |
| 30:26 | NoGlory · age_up imperial |
| 30:46 | FLUX.GHOST · age_up imperial |
| 31:00 | 快乐的大鹅 · first_market_sell 100 food |
| 31:11 | 快乐的大鹅 · first_building Monastery |
| 31:16 | Unkoman · first_building Barracks |
| 31:36 | 无所谓低调 · age_up imperial |
| 32:06 | jhgfdsa · age_up imperial |
| 32:23 | FLUX.GHOST · first_building Monastery |
| 32:38 | 无所谓低调 · first_market_sell 500 food |
| 33:18 | Unkoman · first_market_sell 500 food |
| 33:34 | Unkoman · age_up imperial |
| 33:46 | jhgfdsa · first_market_sell 500 wood |
| 34:23 | 快乐的大鹅 · first_building Castle |
| 35:04 | 快乐的大鹅 · age_up imperial |
| 36:03 | fx17888 · age_up imperial |
| 38:39 | FLUX.GHOST · first_market_sell 500 food |
| 41:21 | 无所谓低调 · first_building Archery Range |
| 41:23 | 无所谓低调 · first_building Stable |
| 42:02 | 魏武王曹操 · age_up imperial |
| 43:28 | NoGlory · first_building Stable |
| 46:09 | 魏武王曹操 · first_building Stable |
| 52:31 | FLUX.GHOST · first_building Barracks |
| 54:25 | 快乐的大鹅 · tribute_sent a jugador 1 |
| 54:25 | 快乐的大鹅 · tribute_sent a jugador 2 |
| 54:25 | 快乐的大鹅 · tribute_sent a jugador 3 |
| 54:25 | 快乐的大鹅 · tribute_sent a jugador 4 |
| 54:25 | 快乐的大鹅 · tribute_sent a jugador 6 |
| 54:25 | 快乐的大鹅 · tribute_sent a jugador 7 |
| 54:25 | 快乐的大鹅 · tribute_sent a jugador 8 |
| 56:38 | jhgfdsa · first_building Archery Range |
| 56:54 | NoGlory · resign |
| 59:06 | 无所谓低调 · first_market_buy 500 stone |
[ AI ANALYSIS · 1 CREDIT ]
What really happened in this match?
Wolo.gg analyzes every decision: build order, eco, micro, common mistakes by bracket. Personalized analysis on WhatsApp or Discord in 30 seconds.
Civ guide
Ethiopians
Perfil
Jugador #2931304